 Dungeon Crawl Stone Soup version 0.30.0-19-g36f170ea60 (webtiles) character file.

Game seed: 15512723477300801604

257 RascalDebosk the Magician (level 6, 0/45 HPs)
             Began as a Djinni Warper on May 31, 2023.
             Slain by a goblin
             ... wielding a +0 club
              (4 damage)
             ... in the Ecumenical Temple.
             The game lasted 00:23:49 (2956 turns).

RascalDebosk the Magician (Djinni Warper)           Turns: 2956, Time: 00:23:49

Health: 0/45       AC:  6    Str: 10    XL:     6   Next: 39%
Gold:   176        EV: 11    Int: 16    God:
                   SH:  0    Dex: 13

rFire   + + .        a - +0 falchion
rCold   x . .        (no shield)
rNeg    . . .        b - +0 leather armour
rPois   ∞            e - +2 helmet
rElec   .            (no cloak)
rCorr   .            (no gloves)
SInv    .            (boots unavailable)
Will    .....        (no amulet)
Stlth   +            (no ring)
HPRegen 0.27/turn    (no ring)
MPRegen 0.00/turn

%: infuse magic (-1 HP)
@: flying, very slightly contaminated
A: sickness immunity, fire resistance 2, cold vulnerability 1, float, innate
caster, HP casting, extra vitality 1
a: no special abilities


You were in the Ecumenical Temple.
You visited 2 branches of the dungeon, and saw 5 of its levels.

You collected 176 gold pieces.

Inventory:

Hand Weapons
 a - a +0 falchion (weapon)
Missiles
 d - a boomerang of dispersal (quivered)
Armour
 b - a +0 leather armour (worn)
 e - a +2 helmet (worn)
Jewellery
 k - a ring of wizardry
Scrolls
 c - a scroll of silence {unknown}
 g - 2 scrolls of teleportation {unknown}
 i - 3 scrolls of noise {unknown}
 j - 4 scrolls of identify {unknown}
 p - a scroll of fog {unknown}
 r - a scroll of poison {unknown}
Potions
 f - a potion of resistance {unknown}
 h - a potion of heal wounds {unknown}
 l - a potion of magic {unknown}
 m - 3 potions of curing {unknown}
 n - a potion of lignification {unknown}
 o - a potion of cancellation {unknown}
 q - a potion of ambrosia {unknown}


   Skills:
 + Level 2.8 Fighting
 - Level 1.7 Long Blades
 - Level 0.7 Throwing
 + Level 2.1 Armour
 - Level 2.1 Dodging
 * Level 4.6 Spellcasting


You knew the following spells:

 Your Spells              Type           Power      Damage    Failure   Level
a - Blink                 Tloc           36%        N/A       4%          2
b - Lesser Beckoning      Tloc           36%        N/A       4%          2
c - Vhi's Electric Charg  Tloc/Air       36%        N/A       10%         3
d - Teleport Other        Tloc           18%        N/A       10%         3
e - Manifold Assault      Tloc           18%        N/A       30%         4
f - Kiss of Death         Conj/Necr      72%        2d10      3%          1
g - Poisonous Vapours     Pois/Air       36%        N/A       4%          2
Your spell library was empty.

Dungeon Overview and Level Annotations

Branches:
Dungeon (4/15)             Temple (1/1) D:4

Altars:
Dithmenos
Zin

Annotations:
D:4 Dowan, Duvessa, Edmund


Innate Abilities, Weirdness & Mutations

You are immune to sickness and miasma.
You are immune to poison.
Your flesh is very heat resistant. (rF++)
You are vulnerable to cold. (rC-)
You float through the air rather than walking.
You learn spells naturally, not from books.
Your magical power is your life essence.
You have superior vitality. (+4 MHP)


Message History

The adder is heavily wounded.
The adder bites you but does no damage. x2
You miss the adder.
The adder is heavily wounded.
The adder closely misses you. The adder bites you but does no damage.
You slash the adder!
You kill the adder!
You see here an adder corpse.
You reach down and open the door.
Found a stone staircase leading down.
There is an open door here.
You now have 144 gold pieces (gained 6).
Found a staircase to the Ecumenical Temple.
You now have 176 gold pieces (gained 32).
r - a scroll labelled NOTENY LELES Duvessa and Dowan come into view.
Dowan shouts!
Duvessa shouts!
You hear a shout!
A goblin comes into view. It is wielding a +0 club.
Dowan casts a spell at Duvessa.
Duvessa seems to speed up.
Casting: Vhi's Electric Charge (dangerous; 10% risk of failure)
Confirm with . or Enter, or press ? or * to list all spells.
Aiming: Poisonous Vapours (safe; 4% risk of failure)
Press: ? - help, Dir - move target, f - Duvessa
Aim: Duvessa, wielding a +0 short sword and wearing a +0 scale mail (fast) Poisonous vapours surround Duvessa!
Duvessa is poisoned.
Casting: Poisonous Vapours (safe; 4% risk of failure)
Confirm with . or Enter, or press ? or * to list all spells.
Aiming: Poisonous Vapours (safe; 4% risk of failure)
Press: ? - help, Dir - move target, f/p - Duvessa
Aim: Duvessa, wielding a +0 short sword and wearing a +0 scale mail (lightly wounded, fast, poisoned) Poisonous vapours surround Duvessa!
Duvessa looks even sicker.
A quokka comes into view.
Dowan casts a spell.
Dowan blinks!
Casting: Poisonous Vapours (safe; 4% risk of failure)
Confirm with . or Enter, or press ? or * to list all spells.
Aiming: Poisonous Vapours (safe; 4% risk of failure)
Press: ? - help, Dir - move target, f - Dowan, p - Duvessa
Aim: Dowan, wielding a +0 dagger and wearing a +0 robe Poisonous vapours surround Dowan!
Dowan is poisoned.
Dowan smirks and points a slender finger.
Dowan gestures wildly while chanting.
Dowan blinks!
You hit Duvessa but do no damage.
Duvessa is lightly wounded.
Duvessa hits you with a +0 short sword. Duvessa completely misses you.
You hit Duvessa.
Duvessa is moderately wounded.
Duvessa hits you with a +0 short sword. x2
You hit Duvessa but do no damage.
Duvessa is moderately wounded.
Dowan looks more healthy.
Duvessa gestures with her weapon.
Duvessa hits you with a +0 short sword!
* * * LOW HITPOINT WARNING * * *
You hit Duvessa but do no damage.
Duvessa is moderately wounded.
Duvessa hits you but does no damage.
Casting: Poisonous Vapours (safe; 4% risk of failure)
Confirm with . or Enter, or press ? or * to list all spells.
You blink.
* * * LOW HITPOINT WARNING * * *
Casting: Blink (safe; 4% risk of failure)
Confirm with . or Enter, or press ? or * to list all spells.
Aiming: Poisonous Vapours (safe; 4% risk of failure)
Press: ? - help, Dir - move target, f/p - Dowan
Aim: Dowan, wielding a +0 dagger and wearing a +0 robe (lightly wounded) Poisonous vapours surround Dowan!
Dowan is poisoned.
* * * LOW HITPOINT WARNING * * *
Duvessa attacks as you move away! Duvessa hits you with a +0 short sword.
* * * LOW HITPOINT WARNING * * *
You feel stable enough to blink again. Dowan gestures at you while chanting.
The puff of frost misses you. Duvessa hits you with a +0 short sword.
* * * LOW HITPOINT WARNING * * *
Casting: Poisonous Vapours (safe; 4% risk of failure)
Confirm with . or Enter, or press ? or * to list all spells.
You miscast Blink.
You are very lightly contaminated with residual magic.
Nothing appears to happen.
* * * LOW HITPOINT WARNING * * *
Duvessa barely misses you. The goblin closely misses you.
Casting: Blink (safe; 4% risk of failure)
Confirm with . or Enter, or press ? or * to list all spells.
You blink.
* * * LOW HITPOINT WARNING * * *
Duvessa looks more healthy.
There is a staircase to the Ecumenical Temple here.
You can't go up here!
Duvessa barely misses you. The goblin hits you but does no damage.
You fly downwards.
Welcome to the Ecumenical Temple!
Found a radiant altar of Vehumet and a glowing silver altar of Zin.
There is a staircase back to the Dungeon here.
You barely miss the goblin. You punch the goblin, but do no damage.
You feel stable enough to blink again. The goblin misses you.
You completely miss the goblin. The goblin hits you with a +0 club.
You die...

_.~~~~...~~~~.
..~~~~~~~~~~~ .
~~~~~~~~~~#~ ~~
~~~~~~~~~~~#~~~
~~~~~~~~~~~~#~~
~~~~~~...~~~~~~
.~~~~..g..~~~~.
.~~~~..@..~~~~.
.~~~~.....~~~~.
~~~~~~...~~~~~~
~~#~~~~~~~~~~~~
~~~#~~~~~~~~~~~
~~ ~#~~~~~~~~~~
. ~~~~~~~~~~~..
.~~~~...~~~~._


You could see a goblin.

Vanquished Creatures
  A scorpion (D:3)
  An orc wizard (D:2)
  Robin (D:2)
  3 gnolls (D:2)
  5 adders
  An ufetubus (D:4)
  2 dart slugs (D:2)
  3 orcs (D:2)
  6 endoplasms
  5 giant cockroaches
  10 goblins
  5 hobgoblins
  4 jackals
  7 kobolds
  5 quokkas
  8 ball pythons
  7 bats
  3 frilled lizards
  3 rats
80 creatures vanquished.

Notes
Turn   | Place    | Note
-------+----------+-------------------------------------------
     0 | D:1      | RascalDebosk the Djinni Warper began the quest for the Orb.
     0 | D:1      | RascalDebosk set off with the following spells memorised:
                  | Blink, Lesser Beckoning, Vhi's Electric Charge, Teleport
                  | Other, Manifold Assault.
     0 | D:1      | Reached XP level 1. HP: 18/18 MP: 0/0
     5 | D:1      | Found a faded altar of an unknown god.
   166 | D:1      | Reached XP level 2. HP: 14/23 MP: 0/0
   376 | D:1      | Reached skill level 3 in Spellcasting
   852 | D:2      | Reached XP level 3. HP: 26/28 MP: 0/0
   852 | D:2      | Learned a level 1 spell: Kiss of Death
  1024 | D:2      | Noticed Robin
  1058 | D:2      | Reached XP level 4. HP: 19/33 MP: 0/0
  1058 | D:2      | Killed Robin
  1307 | D:2      | Reached skill level 4 in Spellcasting
  1552 | D:2      | Reached XP level 5. HP: 27/38 MP: 0/0
  1552 | D:2      | Learned a level 2 spell: Poisonous Vapours
  2192 | D:3      | Reached XP level 6. HP: 6/45 MP: 0/0
  2507 | D:4      | Noticed Edmund
  2507 | D:4      | Found a shadowy altar of Dithmenos.
  2925 | D:4      | Found a staircase to the Ecumenical Temple.
  2935 | D:4      | Noticed Duvessa
  2935 | D:4      | Noticed Dowan
  2954 | Temple   | Entered the Ecumenical Temple
  2956 | Temple   | Slain by a goblin

Illustrated notes

Levels and vault maps discovered:
D:1:      giann_bridges, layout_loops_cross,
          chequers_ecumenical_altar_simple_redux, minivault_23,
          kennysheep_another_room
D:2:      layout_basic, serial_glass, glass_columns_a, glass_columns_a,
          glass_columns_c, glass_columns_a, glass_columns_c, glass_columns_b,
          glass_columns_a, glass_columns_a, glass_columns_a, glass_columns_b,
          uniq_robin
D:3:      layout_rooms, minmay_misc_feat_x
D:4:      layout_basic, nicolae_ru_path_of_blood, mainiacjoe_overflow_swirl,
          nicolae_dithmenos_shadow_blocks, minmay_temple_entry_large_hall,
          uniq_edmund, uniq_sigmund, uniq_blork_the_orc, uniq_duvessa
Temple:   regret_index_temple_mists

Skill      XL: |  1  2  3  4  5 |
---------------+----------------+-----
Spellcasting   | 3 4 |  4.6
Armour         | 2 |  2.1
Fighting       | |  2.8
Long Blades    | |  1.7
Throwing       | |  0.7
Dodging        | |  2.1

Action                     |  1- 3 |  4- 6 || total
---------------------------+-------+-------++-------
  Melee: Falchion          |   140 |   212 ||   352
         Punch             |       |     1 ||     1
  Throw: Boomerang         |     3 |     3 ||     6
   Cast: Vhi's Electric Ch |     1 |    11 ||    12
         Blink             |     1 |     3 ||     4
         Manifold Assault  |       |     3 ||     3
         Poisonous Vapours |       |    10 ||    10
         Teleport Other    |       |     1 ||     1
    Use: Scroll            |       |     1 ||     1
 Armour: Leather armour    |    95 |    86 ||   181
  Dodge: Dodged            |   124 |   137 ||   261
